 Dungeon Crawl Stone Soup version 0.19.1-1-g22dce08 (webtiles) character file.

295 nikopol the Skirmisher (level 6, 0/39 HPs)
             Began as a Gargoyle Berserker on Jan 15, 2017.
             Was a Priest of Trog.
             Killed by divine providence
             ... invoked by an orc priest
              (16 damage)
             ... on level 4 of the Dungeon on Jan 16, 2017.
             The game lasted 00:05:03 (2845 turns).

nikopol the Skirmisher (Gargoyle Berserker)         Turns: 2845, Time: 00:05:04

Health: 0/39       AC: 12    Str: 20    XL:     6   Next: 34%
Magic:  6/6        EV: 11    Int:  8    God:    Trog [***...]
Gold:   130        SH:  0    Dex: 11    Spells: 0 memorised, 5 levels left

rFire  . . .     SeeInvis .     a - +0 hand axe
rCold  . . .     Gourm    .     g - +0 scale mail
rNeg   + . .     Faith    .     (no shield)
rPois  ∞         Spirit   .     r - +0 helmet
rElec  +         Reflect  .     (no cloak)
rCorr  .         Harm     .     (no gloves)
MR     .....                    (no boots)
Stlth  ..........               (no amulet)
                                (no ring)
                                (no ring)

@: no status effects
A: negative energy resistance 1, electricity resistance, unbreathing,
petrification resistance, rot immunity, AC +4
a: Berserk, Trog's Hand, Burn Spellbooks, Renounce Religion


You were on level 4 of the Dungeon.
You worshipped Trog.
Trog was most pleased with you.
You were hungry.

You visited 1 branch of the dungeon, and saw 4 of its levels.

You collected 130 gold pieces.

Inventory:

Hand Weapons
 a - a +0 hand axe (weapon)
Missiles
 n - 46 arrows (quivered)
Armour
 b - a +0 animal skin
 g - a +0 scale mail (worn)
 r - a +0 helmet (worn)
Scrolls
 e - 2 scrolls of amnesia {unknown}
 f - 4 scrolls of fog {unknown}
 j - a scroll of noise {unknown}
 m - 4 scrolls of identify {unknown}
 s - 3 scrolls of teleportation {unknown}
 t - a scroll of blinking {unknown}
Potions
 d - 2 potions of magic {unknown}
 h - a potion of cancellation {unknown}
 i - a potion of curing
 l - a potion of brilliance {unknown}
 o - 3 potions of degeneration {unknown}
 q - a potion of lignification {unknown}
Comestibles
 c - 2 bread rations
 p - a slice of pizza


   Skills:
 + Level 4.7 Fighting
 + Level 3.6 Axes
 + Level 3.9 Armour
 + Level 3.1 Dodging


You had 5 spell levels left.
You didn't know any spells.

Dungeon Overview and Level Annotations

Branches:
Dungeon (4/15)
 Temple: D:4-7

Altars:
Nemelex Xobeh
Qazlal


Innate Abilities, Weirdness & Mutations

You are resistant to torment.
Your stone body is resilient. (AC +4)
You are immune to poison.
You resist negative energy. (rN+)
You are resistant to electric shocks. (rElec)
You can survive without breathing.
You are immune to petrification.
You are immune to rotting.


Message History

Pain shoots through your body!
You hit the orc priest but do no damage.
The orc priest is heavily wounded.
The orc priest mumbles some strange prayers to Beogh against you.
Beogh smites you!
You closely miss the orc priest.
The orc priest is heavily wounded.
The orc priest hits you but does no damage.
You hit the orc priest.
The orc priest is severely wounded.
The orc priest misses you.
You hit the orc priest.
The orc priest is severely wounded.
The orc priest closely misses you.
You barely miss the orc priest.
The orc priest is severely wounded.
The orc priest begins to cast a cantrip, but forgets the words!
The orc priest invokes the aid of Beogh against you.
Beogh smites you!
You die...

#.#########.#
#....oo@.†..#
......#########
###.. #. .. ##


You could see an orc priest and an orc.

Vanquished Creatures
  A howler monkey (D:4)
  Terence (D:2)
  Jessica (D:2)
  Natasha (twice) (D:2)
  3 gnolls (D:3)
  4 adders
  An ooze (D:1)
  3 worms (D:2)
  3 dart slugs
  A leopard gecko (D:2)
  7 orcs
  4 giant cockroaches
  4 goblins
  7 hobgoblins
  3 jackals (D:1)
  7 kobolds
  12 bats
  5 frilled lizards
  5 rats
74 creatures vanquished.

Notes
Turn   | Place    | Note
-------+----------+-------------------------------------------
     0 | D:1      | nikopol the Gargoyle Berserker began the quest for the Orb.
     0 | D:1      | Reached XP level 1. HP: 14/14 MP: 1/1
   283 | D:1      | Reached XP level 2. HP: 19/19 MP: 2/2
  1020 | D:2      | Reached XP level 3. HP: 18/23 MP: 3/3
  1075 | D:2      | Noticed Jessica
  1080 | D:2      | Killed Jessica
  1122 | D:2      | Reached XP level 4. HP: 29/29 MP: 4/4
  1135 | D:2      | Reached ** piety under Trog
  1135 | D:2      | Reached skill level 4 in Fighting
  1252 | D:2      | Noticed Natasha
  1263 | D:2      | Killed Natasha
  1263 | D:2      | Reached XP level 5. HP: 33/33 MP: 5/5
  1670 | D:2      | Noticed Natasha
  1684 | D:2      | Killed Natasha
  1848 | D:2      | Noticed Terence
  1871 | D:2      | Killed Terence
  1903 | D:2      | Found a faded altar of an unknown god.
  1903 | D:2      | Found a faded altar of an unknown god.
  1908 | D:2      | Found a sparkling altar of Nemelex Xobeh.
  1910 | D:2      | Found a faded altar of an unknown god.
  1911 | D:2      | Found a faded altar of an unknown god.
  2087 | D:3      | Reached XP level 6. HP: 30/39 MP: 6/6
  2221 | D:3      | Reached *** piety under Trog
  2696 | D:3      | Found a stormy altar of Qazlal.
  2845 | D:4      | Killed from afar by an orc priest

Skill      XL: |  1  2  3  4  5  6 |
---------------+-------------------+-----
Axes           | 3 |  3.6
Dodging        | 2 3 |  3.1
Armour         | 3 |  3.9
Fighting       | 4 |  4.7

Action                   |  1- 3 |  4- 6 || total
-------------------------+-------+-------++-------
Melee: Hand axe          |    80 |   263 ||   343
  Eat: Chunk             |     1 |     5 ||     6
Armor: Animal skin       |    21 |       ||    21
       Scale mail        |    18 |   125 ||   143
Dodge: Dodged            |    71 |   189 ||   260
